 Dungeon Crawl Stone Soup version 0.29.1-15-g9cfb28693d (webtiles) character file.

Game seed: 4410542147646177271

92 DocClef the Shield-Bearer (level 4, -5/41 HPs)
             Began as a Gnoll Fighter on Feb 23, 2023.
             Splashed by a jelly's acid (9 damage)
             ... on level 6 of the Dungeon.
             The game lasted 00:01:54 (1528 turns).

DocClef the Shield-Bearer (Gnoll Fighter)           Turns: 1528, Time: 00:01:54

Health: -5/41      AC: -8    Str: 15    XL:     4   Next: 60%
Magic:  5/5        EV:  9    Int:  8    God:
Gold:   76         SH:  5    Dex: 13    Spells: 5/5 levels left

rFire   . . .      SeeInvis .   e - +0 short sword (speed)
rCold   . . .      Faith    .   c - +0 buckler
rNeg    . . .      Spirit   .   b - +0 scale mail
rPois   .          Reflect  .   (no helmet)
rElec   .          Harm     .   (no cloak)
rCorr   .          Rampage  .   (no gloves)
Will    .....                   (no boots)
Stlth   ..........              (no amulet)
HPRegen 0.13/turn               (no ring)
MPRegen 0.09/turn               (no ring)

@: corroded
A: fangs 1, strong nose, distributed training
a: no special abilities


You were on level 6 of the Dungeon.
You visited 1 branch of the dungeon, and saw 4 of its levels.

You collected 76 gold pieces.

Inventory:

Hand Weapons
 a - a +0 war axe
 e - a +0 short sword of speed (weapon)
Armour
 b - a +0 scale mail (worn)
 c - a +0 buckler (worn)
Scrolls
 f - a scroll of poison {unknown}
 g - 2 scrolls of teleportation {unknown}
 j - a scroll of identify {unknown}
Potions
 d - a potion of might
 h - 2 potions of degeneration {unknown}
 i - a potion of curing {unknown}
 k - 2 potions of flight {unknown}


   Skills:
 + Level 6.6 Fighting
 + Level 1.2 Short Blades
 + Level 1.2 Long Blades
 + Level 4.7 Axes
 + Level 1.2 Maces & Flails
 + Level 1.2 Polearms
 + Level 1.2 Staves
 + Level 1.2 Ranged Weapons
 + Level 1.2 Throwing
 + Level 6.6 Armour
 + Level 1.2 Dodging
 + Level 1.2 Stealth
 + Level 6.6 Shields
 + Level 1.2 Unarmed Combat
 + Level 1.2 Spellcasting
 + Level 1.0 Conjurations
 + Level 1.0 Hexes
 + Level 1.0 Summonings
 + Level 1.0 Necromancy
 + Level 1.0 Translocations
 + Level 1.0 Transmutations
 + Level 1.0 Fire Magic
 + Level 1.0 Ice Magic
 + Level 1.0 Air Magic
 + Level 1.0 Earth Magic
 + Level 1.0 Poison Magic
 + Level 1.3 Invocations
 + Level 1.2 Evocations


You had 5 spell levels left.
You didn't know any spells.
Your spell library contained the following spells:

 Spells                   Type           Power      Damage    Failure   Level
 Shock                    Conj/Air       8%         1d3       71%         1
 Blink                    Tloc           4%         N/A       85%         2
 Lesser Beckoning         Tloc           2%         N/A       97%         3
 Swiftness                Air            2%         N/A       97%         3
 Airstrike                Air            1%         2d(1-17)  100%        4
 Manifold Assault         Tloc           2%         N/A       100%        5


Dungeon Overview and Level Annotations

Branches:
Dungeon (3/15)

Altars:

Annotations:
D:1 1 transporter
D:2 Sigmund


Innate Abilities, Weirdness & Mutations

You have very sharp teeth.
Your uncanny sense of smell can sniff out nearby items.
Your experience applies equally to all skills.


Message History

The jelly is heavily wounded.
You hit the jelly but do no damage.
Your hands burn!
You bite the jelly, but do no damage.
The jelly is heavily wounded.
The jelly jiggles.
The jelly hits you.
You are splashed with acid!
You hit the jelly but do no damage.
Your hands burn!
The jelly is heavily wounded.
You block the jelly's attack.
You are too injured to fight recklessly!
You are too injured to fight recklessly!
You are too injured to fight recklessly!
You are too injured to fight recklessly!
You are too injured to fight recklessly!
You are too injured to fight recklessly!
You are too injured to fight recklessly!
You are too injured to fight recklessly!
You are too injured to fight recklessly!
You are too injured to fight recklessly!
You are too injured to fight recklessly!
You are too injured to fight recklessly!
You are too injured to fight recklessly!
You are too injured to fight recklessly!
You are too injured to fight recklessly!
You are too injured to fight recklessly!
Unknown command.
You hit the jelly but do no damage. The acid corrodes you!
Your hands burn!
The jelly is heavily wounded.
The jelly hits you. The acid corrodes you!
You are splashed with acid!
* * * LOW HITPOINT WARNING * * *
You hit the jelly but do no damage.
Your hands burn!
* * * LOW HITPOINT WARNING * * *
The jelly is heavily wounded.
You hit the jelly but do no damage.
Your hands burn!
* * * LOW HITPOINT WARNING * * *
The jelly is heavily wounded.
The jelly hits you.
* * * LOW HITPOINT WARNING * * *
You are splashed with acid!
You die...

#........#
#.[......##.......##
#........##.........
#......#.##.......#
#......#.##.......#
######.#.##.......#
#.#.##.......#
#.#.#....>...#
#.#..@J....# #####
#.#?###.####
......#.#.# #
#.....# #....##
#....# #....# #....#
#....#


You could see a jelly.

Vanquished Creatures
  3 adders
  7 dart slugs
  4 ball pythons
  2 endoplasms (D:1)
  3 giant cockroaches
  5 goblins
  8 hobgoblins
  7 kobolds
  3 bats
  5 frilled lizards
  A rat (D:1)
48 creatures vanquished.

Notes
Turn   | Place    | Note
-------+----------+-------------------------------------------
     0 | D:1      | DocClef the Gnoll Fighter began the quest for the Orb.
     0 | D:1      | Reached XP level 1. HP: 23/23 MP: 1/1
    90 | D:1      | Reached XP level 2. HP: 29/29 MP: 2/2
   216 | D:1      | Reached XP level 3. HP: 21/35 MP: 3/3
   412 | D:1      | Found a faded altar of an unknown god.
   569 | D:1      | Reached skill level 1 in Invocations
   782 | D:2      | Reached skill level 1 in Short Blades
   782 | D:2      | Reached skill level 1 in Long Blades
   782 | D:2      | Reached skill level 1 in Maces & Flails
   782 | D:2      | Reached skill level 1 in Polearms
   782 | D:2      | Reached skill level 1 in Staves
   782 | D:2      | Reached skill level 1 in Ranged Weapons
   782 | D:2      | Reached skill level 1 in Throwing
   782 | D:2      | Reached skill level 1 in Dodging
   782 | D:2      | Reached skill level 1 in Stealth
   782 | D:2      | Reached skill level 1 in Unarmed Combat
   782 | D:2      | Reached skill level 1 in Spellcasting
   782 | D:2      | Reached skill level 1 in Evocations
   963 | D:2      | Noticed Sigmund
   968 | D:2      | Reached XP level 4. HP: 32/41 MP: 5/5
  1102 | D:3      | Reached skill level 1 in Conjurations
  1102 | D:3      | Reached skill level 1 in Hexes
  1102 | D:3      | Reached skill level 1 in Summonings
  1102 | D:3      | Reached skill level 1 in Necromancy
  1102 | D:3      | Reached skill level 1 in Translocations
  1102 | D:3      | Reached skill level 1 in Transmutations
  1102 | D:3      | Reached skill level 1 in Fire Magic
  1102 | D:3      | Reached skill level 1 in Ice Magic
  1102 | D:3      | Reached skill level 1 in Air Magic
  1102 | D:3      | Reached skill level 1 in Earth Magic
  1102 | D:3      | Reached skill level 1 in Poison Magic
  1497 | D:3      | You fall into a shaft and drop 3 floors!
  1528 | D:6      | Splashed by a jelly's acid

Illustrated notes

Levels and vault maps discovered:
D:1:      spicycebolla_arrival_risky_transporter, layout_basic,
          ebering_ecumenical_altar_mist
D:2:      layout_rooms, uniq_sigmund, uniq_jessica
D:3:      layout_loops_cross, palyth_temple_overflow_mages,
          pdpol_wu_jian_five_deadly_venoms, st_stairs_14, minmay_statues_item,
          uniq_ijyb
D:6:      layout_basic, mainiacjoe_overflow_boulevard, portal_sewer_entry_b

Skill      XL: |  1  2  3  4 |
---------------+-------------+-----
Invocations    | 1 |  1.3
Short Blades   | 1 |  1.2
Long Blades    | 1 |  1.2
Maces & Flails | 1 |  1.2
Polearms       | 1 |  1.2
Staves         | 1 |  1.2
Ranged Weapons | 1 |  1.2
Throwing       | 1 |  1.2
Dodging        | 1 |  1.2
Stealth        | 1 |  1.2
Unarmed Combat | 1 |  1.2
Spellcasting   | 1 |  1.2
Evocations     | 1 |  1.2
Conjurations   | 1 |  1.0
Hexes          | 1 |  1.0
Summonings     | 1 |  1.0
Necromancy     | 1 |  1.0
Translocations | 1 |  1.0
Transmutations | 1 |  1.0
Fire Magic     | 1 |  1.0
Ice Magic      | 1 |  1.0
Air Magic      | 1 |  1.0
Earth Magic    | 1 |  1.0
Poison Magic   | 1 |  1.0
Fighting       | |  6.6
Axes           | |  4.7
Armour         | |  6.6
Shields        | |  6.6

Action                   |  1- 3 |  4- 6 || total
-------------------------+-------+-------++-------
Melee: War axe           |     8 |       ||     8
       Bite              |    18 |    10 ||    28
       Short sword       |   171 |    93 ||   264
Armor: Scale mail        |   100 |    19 ||   119
Dodge: Dodged            |   110 |    29 ||   139
Block: Buckler           |    62 |    19 ||    81
